Map: Magannatha LE

Players

taenie

  • Race: Terran Terran
  • League: Diamond
  • Spawn Location: 5:00

SubN - Winner!

  • Race: Zerg Zerg
  • League: Platinum
  • Spawn Location: 11:00

VOD

Have the link to the VOD?

Description

Time

  • Played on: July 20, 2025, 2:08 p.m.
  • Length: 5:11
Show
View Real Time Build Order
Export as new Build Order

taenie Terran 

Build Orders: Reaper Expand 

Get SALT Encoding   

  12  0:02  SCV  
  14  0:14  SCV  
  14  0:17  Supply Depot  
  14  0:26  SCV  
  15  0:39  SCV  
  15  0:40  Barracks  
  16  0:44  Refinery  
  16  0:51  SCV  
  17  1:04  SCV  
  18  1:16  Supply Depot, SCV  
  19  1:28  Reaper  
  19  1:31  Orbital Command  
  20  1:47  Command Center  
  20  1:56  SCV  
  21  2:07  Factory  
  21  2:09  SCV  
  21  2:11  Refinery  
  22  2:15  Barracks Tech Lab  
  22  2:25  Barracks Reactor  
  22  2:31  SCV  
  23  2:47  SCV  
  23  2:59  Hellion, SCV  
  26  3:11  SCV  
  26  3:12  Marine x2  
  29  3:15  Starport  
  29  3:36  SCV  
  29  3:38  Engineering Bay  
  29  3:40  Engineering Bay  
  30  3:43  Engineering Bay  
  30  3:48  SCV  
  31  3:57  Starport Tech Lab, Barracks Tech Lab  
  31  4:00  Barracks  
  31  4:02  SCV x2  
  33  4:19  Armory  
  32  4:33  Hellion x2  
  36  4:40  Marauder  
  31  5:02  Supply Depot  
Show
View Real Time Build Order
Export as new Build Order

SubN Zerg - Winner!

Build Orders: Pool First 

Get SALT Encoding   

  12  0:00  Drone  
  13  0:12  Overlord  
  13  0:17  Drone  
  14  0:30  Drone x2  
  14  0:34  Drone  
  17  0:45  Spawning Pool  
  16  0:50  Drone  
  16  0:56  Drone  
  18  1:10  Hatchery  
  17  1:14  Drone  
  17  1:17  Extractor  
  17  1:24  Drone  
  18  1:32  Queen  
  20  1:35  Zergling x2  
  21  1:41  Zergling x2  
  22  1:51  Overlord  
  22  2:03  Overlord  
  22  2:12  Queen  
  24  2:19  Roach Warren  
  23  2:25  Drone x3  
  26  2:39  Extractor  
  26  2:58  Extractor, Queen  
  27  3:14  Roach  
  27  3:15  Roach x5  
  39  3:23  Lair  
  37  3:36  Drone x4  
  41  3:43  Overlord  
  41  3:54  Ravager  
  42  3:59  Drone x2  
  42  4:02  Overlord x2  
  44  4:13  Drone x4  
  48  4:18  Overlord  
  48  4:25  Drone x3  
  52  4:31  Drone x2  
Tags
 
Add a new tag
Caveats
  • Supply blocks, unpowered buildings, or Contaminate may cause inaccurate times.
  • Supply counts are checked every 10 seconds.